 Dungeon Crawl Stone Soup version 0.31-a0-142-g31f6795574 (webtiles) character file.

Game seed: 14571644885647446102

612 Faragor the Thaumaturge (level 7, -3/36 HPs)
             Began as a Deep Elf Ice Elementalist on June 3, 2023.
             Slain by a sleepcap (12 damage)
             ... on level 6 of the Dungeon.
             The game lasted 00:45:01 (5356 turns).

Faragor the Thaumaturge (Deep Elf Ice Elementalist) Turns: 5356, Time: 00:45:02

Health: -3/36      AC:  6    Str: 10    XL:     7   Next: 20%
Magic:  19/21      EV:  2    Int: 26    God:
Gold:   87         SH:  0    Dex: 12    Spells: 12/23 levels left

rFire   x . .        u - +0 short sword (venom)
rCold   + . .        (no shield)
rNeg    . . .        a - +0 robe
rPois   .            z - +0 helmet
rElec   .            v - scarf {shadows}
rCorr   .            y - +0 pair of gloves
SInv    .            h - +1 pair of boots
Will    +....        (no amulet)
Stlth   ++           j - +6 ring of strength
HPRegen 0.26/turn    b - ring of ice
MPRegen 0.17/turn

%: no passive effects
@: brilliant, sleeping, enlightened, flying
A: clever 1, clumsy 1, wild magic 1
a: no special abilities


You were on level 6 of the Dungeon.
You visited 1 branch of the dungeon, and saw 6 of its levels.
You also visited: Sewer.

You collected 216 gold pieces.
You spent 129 gold pieces at shops.

Inventory:

Hand Weapons
 c - a +0 club
 e - a +2 heavy mace
 f - a +0 short sword
 r - a +0 quarterstaff
 s - a +0 rapier of chaos
 t - a +2 whip of chaos
 u - a +0 short sword of venom (weapon)
Armour
 a - a +0 robe (worn)
 h - a +1 pair of boots (worn)
 i - the +0 leather armour of Kyha {rF+ Will+ Stlth-}
   (You found it on level 2 of the Dungeon)

   rF:        It protects you from fire.
   Will:      It increases your willpower.
   Stlth:     It makes you less stealthy.
 v - a scarf of shadows (worn)
 y - a +0 pair of gloves (worn)
 z - a +0 helmet (worn)
Jewellery
 b - a ring of ice (right hand)
 j - a +6 ring of strength (left hand)
 q - a ring of poison resistance
Wands
 x - a wand of flame (12) (quivered)
Scrolls
 l - 7 scrolls of identify
 o - a scroll of teleportation
 p - 3 scrolls of enchant weapon {unknown}
Potions
 d - a potion of mutation
 g - a potion of brilliance
 k - 2 potions of degeneration {unknown}
 m - 3 potions of haste {unknown}
 n - a potion of might


   Skills:
 - Level 2.4 Dodging
 - Level 2.4 Stealth
 * Level 8.7 Spellcasting
 + Level 6.7 Ice Magic


You had 12 spell levels left.
You knew the following spells:

 Your Spells              Type           Power      Damage    Failure   Level
a - Freeze                Ice            100%       1d10      1%          1
b - Frozen Ramparts       Ice            100%       1d16      2%          3
c - Ozocubu's Armour      Ice            94%        N/A       2%          3
d - Summon Ice Beast      Ice/Summ       71%        N/A       19%         4

Your spell library contained the following spells:

 Spells                   Type           Power      Damage    Failure   Level
 Ignite Poison            Fire/Tmut/Pois 22%        N/A       22%         3
 Stone Arrow              Conj/Erth      44%        3d9       22%         3
 Animate Armour           Summ/Erth      44%        N/A       54%         4
 Sticky Flame             Conj/Fire      22%        2d4       54%         4
 Ignition                 Fire           11%        3d5       100%        8
 Lehudib's Crystal Spear  Conj/Erth      11%        10d4      100%        8


Dungeon Overview and Level Annotations

Branches:
Dungeon (6/15)              Sewer (visited)
 Temple: D:4-7

Altars:
Okawaru
Wu Jian
Xom
Zin
The Shining One

Shops:
D:2 *   D:5 *?(*


Innate Abilities, Weirdness & Mutations

Your mind is acute. (Int +4, Str/Dex -1)
You are clumsy. (Dex -2)
Your spells are a little harder to cast, but a little more powerful.


Message History

You climb downwards.
Found a robe, a scroll of teleportation and 15 gold pieces.
Found a stone staircase leading up.
There is a stone staircase leading up here.
You see here a +0 robe.
The sleepcap releases spores at you!
You are engulfed in a cloud of soporific spores!
You fall asleep.
The sleepcap releases spores at you!
You wake up.
You are engulfed in a cloud of soporific spores!
You are unaffected.
Casting: Freeze (safe; 1% risk of failure)
Confirm with . or Enter, or press ? or * to list all spells.
Aiming: Freeze (safe; 1% risk of failure)
Press: ? - help, Shift-Dir - straight line, f - sleepcap
Aim: a sleepcap You feel a surge of power!
You freeze the sleepcap!
The sleepcap is moderately damaged.
The sleepcap closely misses you.
Casting: Freeze (safe; 1% risk of failure)
Confirm with . or Enter, or press ? or * to list all spells.
Aiming: Freeze (safe; 1% risk of failure)
Press: ? - help, Shift-Dir - straight line, f/p - sleepcap
Aim: a sleepcap (moderately damaged)
You feel a surge of power!
You freeze the sleepcap!
The sleepcap is severely damaged.
The sleepcap releases spores at you.
You are engulfed in a cloud of soporific spores!
You are unaffected.
It was a potion of brilliance.
You feel clever all of a sudden. The sleepcap closely misses you.
It was a potion of enlightenment.
You feel very buoyant.
You fly up into the air.
The sleepcap releases spores at you.
* * * LOW HITPOINT WARNING * * *
You are engulfed in a cloud of soporific spores!
You fall asleep.
The sleepcap releases spores at you!
You die...

..# ###.# ..#$#
#.#.# #.#.#
#.#.##
#..@.########
#.f...[......
..?8.#...#######.
.... ##..... .<.
#..#### .. #..# f
.8.# ....#


You could see a sleepcap.

Vanquished Creatures
  Menkaure (D:4)
  A phantom (D:4)
  A howler monkey (D:4)
  A jelly (D:5)
  An orc priest (D:3)
  An iguana (D:5)
  An orc wizard (D:3)
  3 gnolls (D:5)
  4 river rats (Sewer)
  6 adders
  A white imp (D:4)
  4 ufetubi (D:5)
  3 dart slugs
  11 orcs
  6 ball pythons
  9 endoplasms
  3 giant cockroaches
  3 goblins
  5 hobgoblins
  8 jackals (D:1)
  3 quokkas
  5 bats
  11 frilled lizards
  11 kobolds
  12 rats
115 creatures vanquished.

Notes
Turn   | Place    | Note
-------+----------+-------------------------------------------
     0 | D:1      | Faragor the Deep Elf Ice Elementalist began the quest for
                  | the Orb.
     0 | D:1      | Reached XP level 1. HP: 10/10 MP: 6/6
   134 | D:1      | Reached XP level 2. HP: 15/15 MP: 4/8
   211 | D:1      | Reached skill level 5 in Ice Magic
   352 | D:1      | Gained mutation: Your mind is acute. (Int +4, Str/Dex -1)
                  | [potion of mutation]
   352 | D:1      | Gained mutation: You are clumsy. (Dex -2) [potion of
                  | mutation]
   352 | D:1      | Gained mutation: Your spells are a little harder to cast,
                  | but a little more powerful. [potion of mutation]
   656 | D:1      | Reached XP level 3. HP: 16/19 MP: 7/10
   849 | D:1      | Learned a level 3 spell: Frozen Ramparts
   973 | D:2      | Found Tilymus's Assorted Antiques.
  1110 | D:2      | Identified the +0 leather armour of Kyha {rF+ Will+ Stlth-}
  1556 | D:2      | Reached skill level 4 in Spellcasting
  2020 | D:2      | Found a faded altar of an unknown god.
  2316 | D:3      | Found a glowing drain.
  2322 | D:3      | Reached XP level 4. HP: 21/24 MP: 6/12
  2339 | Sewer    | Entered a sewer
  2403 | Sewer    | Reached skill level 5 in Spellcasting
  2831 | D:3      | Reached XP level 5. HP: 28/28 MP: 13/15
  2934 | D:3      | Reached skill level 6 in Spellcasting
  3190 | D:3      | Learned a level 3 spell: Ozocubu's Armour
  3664 | D:4      | Found a large runed translucent door.
  3665 | D:4      | Found a large runed translucent door.
  3667 | D:4      | Found a shimmering altar of Xom.
  3734 | D:4      | Noticed a phantom
  3739 | D:4      | Reached skill level 7 in Spellcasting
  3741 | D:4      | Reached XP level 6. HP: 30/32 MP: 10/18
  4011 | D:4      | Noticed Menkaure
  4018 | D:4      | Learned a level 4 spell: Summon Ice Beast
  4025 | D:4      | Killed Menkaure
  4026 | D:4      | Reached skill level 8 in Spellcasting
  4078 | D:4      | Found an ornate altar of the Wu Jian Council.
  4079 | D:4      | Found a glowing golden altar of the Shining One.
  4082 | D:4      | Found a glowing silver altar of Zin.
  4421 | D:5      | Entered Level 5 of the Dungeon
  4428 | D:5      | Reached XP level 7. HP: 27/36 MP: 10/20
  4682 | D:5      | Found Rehopt's Assorted Antiques.
  4818 | D:5      | Found an iron altar of Okawaru.
  4837 | D:5      | Found Caextif's Antique Weapon Emporium.
  4904 | D:5      | Found Nimagru's Magic Scroll Shop.
  4928 | D:5      | Found Tick's General Store.
  4947 | D:5      | Bought a wand of flame (12) for 84 gold pieces
  4947 | D:5      | Bought a +0 pair of gloves for 45 gold pieces
  5356 | D:6      | Slain by a sleepcap

Illustrated notes

Levels and vault maps discovered:
D:1:      spicycebolla_green_bress_n_ham, layout_rooms
D:2:      layout_basic, serial_shops, shop_statue,
          hellmonk_ecumenical_altar_defaced_shrine, minmay_misc_feat_cross
D:3:      layout_loops_corners, portal_sewer_entry_d
D:4:      due_chaos_kobolds, layout_basic, gammafunk_temple_overflow_forgotten,
          uniq_crazy_yiuf_cottage, uniq_menkaure
D:5:      layout_rooms, kennysheep_mini_moat, serial_shops, shop, shop, shop,
          shop
D:6:      layout_loops_ring, nicolae_stop_n_shop_1

Skill      XL: |  1  2  3  4  5  6 |
---------------+-------------------+-----
Ice Magic      | 5 6 |  6.7
Spellcasting   | 4 5 7 8 |  8.7
Dodging        | |  2.4
Stealth        | |  2.4

Action                     |  1- 3 |  4- 6 |  7- 9 || total
---------------------------+-------+-------+-------++-------
  Melee: Unarmed           |     3 |       |       ||     3
         Short sword       |     1 |       |     1 ||     2
         Mace              |     2 |    12 |       ||    14
   Cast: Freeze            |    58 |    94 |    23 ||   175
         Frozen Ramparts   |     2 |    10 |     1 ||    13
         Ozocubu's Armour  |       |     8 |     1 ||     9
         Summon Ice Beast  |       |     1 |       ||     1
    Use: Potion            |     3 |     2 |     2 ||     7
         Scroll            |     3 |       |       ||     3
 Armour: Robe              |     9 |    18 |    10 ||    37
  Dodge: Dodged            |    22 |    65 |    28 ||   115

Table legend: (Time is in decaauts)
 A = Elapsed time spent in this place.
 B = Non-inter-level travel time spent in this place.
 C = Inter-level travel time spent in this place.
 D = Time resting spent in this place.
 E = Time spent auto-exploring this place.
 F = Levels seen in this place.
 G = Mean time per level.
                   A        B        C        D        E       F      G
               +--------+--------+--------+--------+--------+-----+--------+
         Total |   5415 |   5415 |      0 |   1860 |      0 |   7 |  773.6 |
       Dungeon |   5074 |   5074 |      0 |   1757 |      0 |   6 |  845.7 |
         Sewer |    341 |    341 |      0 |    103 |      0 |   1 |  341.0 |
               +--------+--------+--------+--------+--------+-----+--------+

Top non-repeatable levels by time:
     D:2: 1302 daAuts
     D:3: 1075 daAuts
     D:5: 920 daAuts
     D:4: 910 daAuts
     D:1: 851 daAuts
   Sewer: 341 daAuts
     D:6: 13 daAuts
